 Dungeon Crawl Stone Soup version 0.24-a0-475-g5b41c6f198 (webtiles) character file.

Game seed: 11746993605067796094

200 vurker the Bolt Thrower (level 6, -6/38 HPs)
             Began as a Kobold Hunter on July 5, 2019.
             Mangled by a worm (7 damage)
             ... on level 3 of the Dungeon.
             The game lasted 00:05:06 (2410 turns).

vurker the Bolt Thrower (Kobold Hunter)             Turns: 2410, Time: 00:05:07

Health: -6/38      AC: 11    Str: 11    XL:     6   Next: 7%
Magic:  6/6        EV:  7    Int: 12    God:
Gold:   155        SH:  0    Dex: 16    Spells: 5/5 levels left

rFire    . . .     SeeInvis .   b - +0 short sword
rCold    . . .     Gourm    .   (shield restricted)
rNeg     . . .     Faith    .   i - +0 chain mail
rPois    .         Spirit   .   c - +2 helmet
rElec    .         Reflect  .   (no cloak)
rCorr    .         Harm     .   (no gloves)
MR       .....                  (no boots)
Stlth    ..........             (no amulet)
HPRegen  0.12/turn              q - ring of attention (curse)
MPRegen  0.10/turn              (no ring)

@: lethally poisoned (-6 -> -16)
A: small, carnivore
a: no special abilities


You were on level 3 of the Dungeon.
You were completely stuffed.

You visited 1 branch of the dungeon, and saw 3 of its levels.

You collected 155 gold pieces.

Inventory:

Hand Weapons
 a - a +1 hand crossbow
 b - a +0 short sword (weapon)
Armour
 c - a +2 helmet (worn)
   (You found it on level 2 of the Dungeon)
 i - a +0 chain mail (worn)
   (You found it on level 2 of the Dungeon)
Jewellery
 q - a cursed ring of attention (left hand)
   (You found it on level 2 of the Dungeon)
Wands
 v - a wand of digging (7)
   (You found it on level 2 of the Dungeon)
Scrolls
 f - 3 scrolls of remove curse {unknown}
 h - a scroll of fog {unknown}
 j - 5 scrolls of identify {unknown}
 l - a scroll of magic mapping {unknown}
 o - a scroll of random uselessness {unknown}
 p - 2 scrolls of enchant armour {unknown}
 s - a scroll of fear {unknown}
 u - a scroll of enchant weapon {unknown}
Potions
 d - a potion of magic {unknown}
 k - a potion of agility {unknown}
 m - a potion of might {unknown}
 r - a potion of heal wounds {unknown}
 w - 2 potions of haste {unknown}
Comestibles
 e - 5 rations {!d}


   Skills:
 + Level 4.0 Fighting
 * Level 7.3 Crossbows
 - Level 2.4 Dodging
 - Level 1.3 Stealth


You had 5 spell levels left.
You didn't know any spells.
Your spell library was empty.

Dungeon Overview and Level Annotations

Branches:
Dungeon (3/15)

Altars:


Innate Abilities, Weirdness & Mutations

You are small and have problems with some larger weapons.
You are carnivorous and can eat meat at any time.


Message History

You are too injured to fight recklessly!
You are too injured to fight recklessly!
You are too injured to fight recklessly!
You are too injured to fight recklessly!
You are too injured to fight recklessly!
You are too injured to fight recklessly!
You are too injured to fight recklessly!
You are too injured to fight recklessly!
You are too injured to fight recklessly!
You are too injured to fight recklessly!
You are too injured to fight recklessly!
You hit the orc priest. The adder bites you but does no damage.
The orc priest calls down the wrath of Beogh upon you.
Beogh smites you!
* * * LOW HITPOINT WARNING * * *
You feel better. The adder bites you but does no damage.
The orc priest hits you but does no damage.
You hit the orc priest.
You kill the orc priest!
Your Fighting skill increases to level 4!
You have reached level 6!
Your experience leads to an increase in your attributes!
Increase (S)trength, (I)ntelligence, or (D)exterity?
You feel stronger. The adder bites you but does no damage.
The adder closely misses you.
You hit the adder but do no damage. The adder bites you.
* * * LOW HITPOINT WARNING * * *
You are poisoned.
The adder poisons you!
You hit the adder but do no damage.
You feel sick. The adder closely misses you.
The worm bites you but does no damage. The adder bites you but does no damage.
You closely miss the adder. The adder bites you but does no damage.
The worm bites you.
* * * LOW HITPOINT WARNING * * *
You barely miss the adder.
You feel sick. The adder bites you but does no damage.
The adder barely misses you.
You hit the adder. The worm bites you!
* * * LOW HITPOINT WARNING * * *
The adder bites you.
* * * LOW HITPOINT WARNING * * *
You are lethally poisoned!
The adder poisons you!
You hit the adder.
* * * LOW HITPOINT WARNING * * *
You feel sick. The adder bites you.
* * * LOW HITPOINT WARNING * * *
You are more poisoned.
The adder poisons you! The worm bites you!
You die...

#.......#
#.###.
#.......#
#.....
##.......##
##.###.
#.........#
#......
#.#.....#.#
#......
#.##.####.#
#...... ###
#.[# #.#
#......
#.>.#.)#
#.####......
#(@##
#....#.....)
#wS#
#...........
#..#
#....#.....#
#.(#
#....#.....#
...$
#...<#.....#
)....
##...#######
..... #...#
# .(....#
#...# #
#...# #


You could see a worm and an adder.

Vanquished Creatures
  2 orc priests (D:3)
  An orc wizard (D:3)
  3 adders
  A worm (D:2)
  3 dart slugs
  17 orcs (D:3)
  2 giant cockroaches (D:3)
  5 goblins
  7 hobgoblins
  7 kobolds
  10 bats
  6 frilled lizards
  6 rats
70 creatures vanquished.

Notes
Turn   | Place    | Note
-------+----------+-------------------------------------------
     0 | D:1      | vurker the Kobold Hunter began the quest for the Orb.
     0 | D:1      | Reached XP level 1. HP: 12/12 MP: 1/1
   218 | D:1      | Reached skill level 5 in Crossbows
   274 | D:1      | Reached XP level 2. HP: 18/18 MP: 2/2
  1064 | D:2      | Reached XP level 3. HP: 22/22 MP: 3/3
  1506 | D:3      | Reached skill level 6 in Crossbows
  1506 | D:3      | Reached XP level 4. HP: 11/28 MP: 4/4
  1969 | D:3      | Reached XP level 5. HP: 31/32 MP: 5/5
  2192 | D:3      | Reached skill level 7 in Crossbows
  2404 | D:3      | Reached XP level 6. HP: 21/38 MP: 6/6
  2410 | D:3      | HP: 1/38 [adder (2)]
  2410 | D:3      | Mangled by a worm

Levels and vault maps discovered:
D:1:      denvon_arrival_planthouse, layout_loops_ring
D:2:      layout_basic, serial_bayou_pond_e, bh_walls_and_bars
D:3:      minmay_evil_eye, layout_rooms

Skill      XL: |  1  2  3  4  5 |
---------------+----------------+-----
Crossbows      | 5 6 7 |  7.3
Fighting       | 3 4 |  4.0
Dodging        | |  2.4
Stealth        | |  1.3

Action                   |  1- 3 |  4- 6 || total
-------------------------+-------+-------++-------
Melee: Short sword       |    23 |    78 ||   101
 Fire: Hand crossbow     |    74 |    90 ||   164
  Use: Potion            |       |     2 ||     2
  Eat: Chunk             |    10 |     3 ||    13
Armor: Chain mail        |    31 |    96 ||   127
Dodge: Dodged            |    25 |    36 ||    61

Table legend:
 A = Non-vault XP
 B = Vault XP
 C = Vault XP percentage of total XP
 D = Non-vault monster count
 E = Vault monster count
 F = Vault count percentage of total count
                 A         B        C        D         E       F
            +---------+---------+-------+---------+---------+-------
      Total |     279 |       8 |   2.8 |      63 |       7 |  10.0
            +---------+---------+-------+---------+---------+-------
        D:1 |      14 |       0 |   0.0 |       7 |       0 |   0.0
        D:2 |      35 |       0 |   0.0 |      14 |       0 |   0.0
        D:3 |     230 |       8 |   3.4 |      42 |       7 |  14.3
            +---------+---------+-------+---------+---------+-------
